 Dungeon Crawl Stone Soup version 0.30-a0-591-g3c58d2bc28 (webtiles) character file.

Game seed: 13133716862705052117

23 pokeman the Magician (level 2, -3/16 HPs)
             Began as a Deep Elf Hedge Wizard on Jan 5, 2023.
             Slain by an iguana (12 damage)
             ... on level 2 of the Dungeon.
             The game lasted 00:01:10 (1251 turns).

pokeman the Magician (Deep Elf Hedge Wizard)        Turns: 1251, Time: 00:01:11

Health: -3/16      AC:  2    Str:  7    XL:     2   Next: 72%
Magic:  2/10       EV: 12    Int: 18    God:
Gold:   102        SH:  0    Dex: 14    Spells: 10/11 levels left

rFire   . . .      SeeInvis .    a - +0 dagger
rCold   . . .      Faith    .    (no shield)
rNeg    . . .      Spirit   .    b - +0 robe
rPois   .          Reflect  .    c - +0 hat
rElec   .          Harm     .    (no cloak)
rCorr   .          Rampage  .    (no gloves)
Will    .....                    (no boots)
Stlth   ++                       (no amulet)
HPRegen 0.22/turn                (no ring)
MPRegen 0.12/turn                (no ring)

@: no status effects
A: no striking features
a: no special abilities


You were on level 2 of the Dungeon.
You visited 1 branch of the dungeon, and saw 2 of its levels.

You collected 102 gold pieces.

Inventory:

Hand Weapons
 a - a +0 dagger (weapon)
Armour
 b - a +0 robe (worn)
 c - a +0 hat (worn)
Scrolls
 e - a scroll of enchant weapon {unknown}
 h - a scroll of identify {unknown}
 i - a scroll of teleportation {unknown}
Potions
 d - a potion of magic
 f - a potion of ambrosia {unknown}
 g - 2 potions of cancellation {unknown}
 j - a potion of haste {unknown}
 k - a potion of curing {unknown}


   Skills:
 + Level 0.6 Fighting
 + Level 0.6 Armour
 - Level 2.4 Dodging
 - Level 2.4 Stealth
 * Level 5.0 Spellcasting
 + Level 1.6 Conjurations
 - Level 1.1 Summonings
 - Level 1.1 Translocations


You had 10 spell levels left.
You knew the following spells:

 Your Spells              Type           Power      Damage    Failure   Level
a - Magic Dart            Conj           40%        1d5       7%          1

Your spell library contained the following spells:

 Spells                   Type           Power      Damage    Failure   Level
 Slow                     Hex            16%        N/A       13%         1
 Blink                    Tloc           16%        N/A       13%         2
 Call Imp                 Summ           8%         N/A       13%         2
 Cigotuvi's Dreadful Rot  Necr/Pois/Air  8%         N/A       21%         2
 Dazzling Flash           Conj/Hex       14%        N/A       28%         3
 Mephitic Cloud           Conj/Pois/Air  6%         N/A       32%         3
 Kindle Blastsparks       Fire/Tloc/Air  10%        2d10      34%         3
 Iskenderun's Mystic Bla  Conj/Tloc      9%         2d4       58%         4
 Fulminant Prism          Conj/Hex       3%         3d5       67%         4
 Agony                    Necr           4%         N/A       98%         5
 Lee's Rapid Deconstruct  Erth           2%         3d4*      98%         5
 Silence                  Hex/Air        2%         N/A       98%         5


Dungeon Overview and Level Annotations

Branches:
Dungeon (2/15)

Altars:
Okawaru


Message History

Confirm with . or Enter, or press ? or * to list all spells.
Aiming: Magic Dart (safe; 7% risk of failure)
Press: ? - help, Shift-Dir - straight line, f/p - iguana
Aim: an iguana (heavily wounded, 100% to hit)
The magic dart hits the iguana.
The iguana is heavily wounded.
Casting: Magic Dart (safe; 7% risk of failure)
Confirm with . or Enter, or press ? or * to list all spells.
Aiming: Magic Dart (safe; 7% risk of failure)
Press: ? - help, Shift-Dir - straight line, f/p - iguana
Aim: an iguana (heavily wounded, 100% to hit)
The magic dart hits the iguana.
The iguana is heavily wounded.
The iguana bites you!
Casting: Magic Dart (safe; 7% risk of failure)
Confirm with . or Enter, or press ? or * to list all spells.
Aiming: Magic Dart (safe; 7% risk of failure)
Press: ? - help, Shift-Dir - straight line, f/p - iguana
Aim: an iguana (heavily wounded, 100% to hit)
The magic dart hits the iguana.
The iguana is severely wounded.
The iguana misses you.
Casting: Magic Dart (safe; 7% risk of failure)
Confirm with . or Enter, or press ? or * to list all spells.
Aiming: Magic Dart (safe; 7% risk of failure)
Press: ? - help, Shift-Dir - straight line, f/p - iguana
Aim: an iguana (severely wounded, 100% to hit)
The magic dart hits the iguana but does no damage.
The iguana is severely wounded.
The iguana closely misses you.
Casting: Magic Dart (safe; 7% risk of failure)
Confirm with . or Enter, or press ? or * to list all spells.
Aiming: Magic Dart (safe; 7% risk of failure)
Press: ? - help, Shift-Dir - straight line, f/p - iguana
Aim: an iguana (severely wounded, 100% to hit)
The magic dart hits the iguana but does no damage.
The iguana is severely wounded.
The iguana bites you!
Ouch! That really hurt!
You die...

#.##.#.# #..## ### #.#
...# ##.## .....
######.####.# . ...##
##)........... #.. ...
##...####.##.##
#..#.###.....###.#...#
#...l@................
#.##.###.............#
#.>......#.##.##.##
........##.##.##.##
##.....†.##.##.##...
#.......##.##..#...
#.......##.........
#.......#####.....#
#### #.._..#


You could see an iguana.

Vanquished Creatures
  3 endoplasms (D:1)
  A giant cockroach (D:1)
  A goblin (D:1)
  3 hobgoblins
  A quokka (D:1)
  3 ball pythons (D:1)
  2 bats (D:1)
  2 frilled lizards (D:1)
  2 kobolds (D:1)
  4 rats
22 creatures vanquished.

Notes
Turn   | Place    | Note
-------+----------+-------------------------------------------
     0 | D:1      | pokeman the Deep Elf Hedge Wizard began the quest for the
                  | Orb.
     0 | D:1      | Reached XP level 1. HP: 10/10 MP: 7/7
   259 | D:1      | Reached XP level 2. HP: 15/15 MP: 6/9
  1175 | D:2      | Found an iron altar of Okawaru.
  1191 | D:2      | Reached skill level 5 in Spellcasting
  1251 | D:2      | Slain by an iguana

Illustrated notes

Levels and vault maps discovered:
D:1:      sevenhm_arrival_forest_fort_large_2, layout_basic
D:2:      layout_loops_cross, basic_altar

Skill      XL: |  1  2 |
---------------+-------+-----
Spellcasting   | 5 |  5.0
Fighting       | |  0.6
Armour         | |  0.6
Dodging        | |  2.4
Stealth        | |  2.4
Conjurations   | |  1.6
Summonings     | |  1.1
Translocations | |  1.1

Action                   || total
-------------------------++-------
Melee: Dagger            ||     1
 Cast: Magic Dart        ||    67
Armor: Robe              ||     5
Dodge: Dodged            ||    11

Table legend: (Time is in decaauts)
 A = Elapsed time spent in this place.
 B = Non-inter-level travel time spent in this place.
 C = Inter-level travel time spent in this place.
 D = Time resting spent in this place.
 E = Time spent auto-exploring this place.
 F = Levels seen in this place.
 G = Mean time per level.
                   A        B        C        D        E       F      G
               +--------+--------+--------+--------+--------+-----+--------+
         Total |   1250 |   1191 |     59 |     63 |   1014 |   2 |  625.0 |
       Dungeon |   1250 |   1191 |     59 |     63 |   1014 |   2 |  625.0 |
               +--------+--------+--------+--------+--------+-----+--------+

Top non-repeatable levels by time:
     D:1: 1095 daAuts
     D:2: 155 daAuts
